 Dungeon Crawl Stone Soup version 0.28.0-53-g5a82cb258f (webtiles) character file.

Game seed: 15732942933341359956

60 Infinimo the Skirmisher (level 4, -1/46 HPs)
             Began as an Ogre Gladiator on May 27, 2022.
             Slain by Sigmund
             ... wielding a +6 scythe
              (7 damage)
             ... on level 2 of the Dungeon.
             The game lasted 00:02:55 (2215 turns).

Infinimo the Skirmisher (Ogre Gladiator)            Turns: 2215, Time: 00:02:55

Health: -1/46      AC:  3    Str: 18    XL:     4   Next: 4%
Magic:  4/4        EV: 10    Int: 11    God:
Gold:   73         SH:  0    Dex: 10    Spells: 3/3 levels left

rFire   . . .      SeeInvis .   a - +0 flail
rCold   . . .      Faith    .   (no shield)
rNeg    . . .      Spirit   .   b - +0 robe
rPois   .          Reflect  .   c - +0 hat
rElec   .          Harm     .   (no cloak)
rCorr   .          Rampage  .   (gloves unavailable)
Will    .....                   (boots unavailable)
Stlth   +.........              (no amulet)
HPRegen 0.15/turn               (no ring)
MPRegen 0.09/turn               (no ring)

@: confused, on berserk cooldown, slowed, very slow
A: large, unfitting armour, tough skin 1
a: no special abilities


You were on level 2 of the Dungeon.
You visited 1 branch of the dungeon, and saw 2 of its levels.

You collected 73 gold pieces.

Inventory:

Hand Weapons
 a - a +0 flail (weapon)
Armour
 b - a +0 robe (worn)
 c - a +0 hat (worn)
Jewellery
 f - a +4 ring of slaying
Wands
 h - a wand of polymorph (5)
Potions
 g - a potion of mutation
 k - a potion of curing {unknown}


   Skills:
 + Level 3.6 Fighting
 * Level 3.6 Maces & Flails
 - Level 2.0 Throwing
 + Level 3.1 Dodging


You had 3 spell levels left.
You didn't know any spells.
Your spell library contained the following spells:

 Spells                   Type           Power      Damage    Failure   Level
 Sublimation of Blood     Necr           0%         N/A       47%         2
 Wereblood                Tmut           0%         N/A       47%         2
 Summon Hydra             Summ           0%         N/A       100%        7


Dungeon Overview and Level Annotations

Branches:
Dungeon (2/15)

Altars:
Xom

Annotations:
D:2 Sigmund


Innate Abilities, Weirdness & Mutations

You are too large for most types of armour.
You have tough skin. (AC +1)


Message History

Something hits you.
You bump into the rock wall.
You feel less confused.
You barely miss something.
You hear some strange, mumbled words.
Something tries to affect you, but you resist.
You hear some strange, mumbled words.
A magic dart appears from out of thin air!
The magic dart hits you.
You miss something. Something hits you!
* * * LOW HITPOINT WARNING * * *
You closely miss something. You barely miss something.
You hear some strange, mumbled words.
You are confused.
Something hits you!
* * * LOW HITPOINT WARNING * * *
You feel much better.
A red film seems to cover your vision as you go berserk!
You feel yourself moving faster!
You feel mighty!
You hear some strange, mumbled words.
You are more confused.
You feel a strong urge to attack something.
You hear some strange, mumbled words.
You are more confused.
Something hits you.
You barely miss something.
You bump into the rock wall.
Something hits you!
* * * LOW HITPOINT WARNING * * *
You feel a strong urge to attack something.
You bump into the rock wall.
You are no longer berserk.
You are exhausted.
You feel yourself slow down.
You bump into the rock wall.
Something hits you!
* * * LOW HITPOINT WARNING * * *
You hear some strange, mumbled words.
Something tries to affect you, but you resist.
Something hits you!
You die...

.....# #......#.. .###.#
#......#.. .# #.# ####......# .#
#.# #....#..#.# ## #.#
#....#....# ####'###....#.#..#
............#.#..# .#
............#.#..##.# #.#
.........####.#.@{#.# #.#
.........'....#.#.#.###########.#
.........######.#.#...........#.#
.........# #.#.#...........#.#
.........# #.#(#...........#.#
.........# #.#.............#.#
.........# #.##......@.....'..
.........######'##............#.#
.........#.......##...........#..


There were no monsters in sight!

Vanquished Creatures
  2 adders (D:2)
  6 endoplasms
  2 giant cockroaches (D:1)
  6 goblins
  7 hobgoblins
  3 kobolds
  A quokka (D:1)
  2 ball pythons
  3 bats
  2 frilled lizards
  4 rats (D:1)
38 creatures vanquished.

Notes
Turn   | Place    | Note
-------+----------+-------------------------------------------
     0 | D:1      | Infinimo the Ogre Gladiator began the quest for the Orb.
     0 | D:1      | Reached XP level 1. HP: 22/22 MP: 1/1
   110 | D:1      | Reached XP level 2. HP: 13/29 MP: 2/2
   952 | D:1      | Reached XP level 3. HP: 13/37 MP: 3/3
  1650 | D:2      | Found a shimmering altar of Xom.
  2015 | D:2      | Reached XP level 4. HP: 46/46 MP: 4/4
  2146 | D:2      | Noticed Sigmund
  2215 | D:2      | Slain by Sigmund

Illustrated notes

Levels and vault maps discovered:
D:1:      dpeg_arrival_short_road, layout_rooms, nrook_mini_vaults,
          eino_curves_03, hangedman_decor_clover_reticule
D:2:      layout_basic, basic_altar, uniq_jessica, uniq_sigmund

Skill      XL: |  1  2 |
---------------+-------+-----
Fighting       | 3 |  3.6
Maces & Flails | 3 |  3.6
Dodging        | 3 |  3.1
Throwing       | |  2.0

Action                   |  1- 3 |  4- 6 || total
-------------------------+-------+-------++-------
Melee: Flail             |   118 |     7 ||   125
       Punch             |     1 |       ||     1
Throw: Large rock        |     8 |     3 ||    11
       Throwing net      |     1 |     2 ||     3
  Use: Scroll            |     4 |       ||     4
       Potion            |     1 |     2 ||     3
 Stab: Sleeping          |     1 |       ||     1
Armor: Robe              |    42 |       ||    42
Dodge: Dodged            |    71 |     1 ||    72
